 Dungeon Crawl Stone Soup version bcrawl-1.32 (webtiles) character file.

Game seed: 6641923750618210738

166112 Morbidden the Skirmisher (level 6, -19/40 HPs)
             Began as a Skeleton Archaeologist on July 4, 2021.
             Was a Follower of Cheibriados.
             Demolished by an ogre
             ... wielding a cursed +0 giant spiked club
              (20 damage)
             ... on level 4 of the Dungeon.
             The game lasted 00:05:41 (3045 turns).

Morbidden the Skirmisher (Skeleton Archaeologist)   Turns: 3045, Time: 00:05:41

Health: -19/40     AC:  6    Str: 19      XL:     6   Next: 5%
Magic:  0/9        EV: -2    Int: 15 (16) God:    Cheibriados [*.....]
Gold:   1713       SH: 11    Dex: 10      Spells: 10/10 levels left

rFire    . . .     SeeInvis .   a - +0 war axe
rCold    + . .     Gourm    .   h - +0 large shield
rNeg     + + +     Faith    .   c - +1 robe
rPois    ∞         Spirit   +   d - +1 hat
rElec    .         Reflect  .   (no cloak)
rCorr    .         Harm     .   (no gloves)
MR       .....                  e - +1 pair of boots
Stlth    ++........             l - amulet of the acrobat
HPRegen  0.13/turn              (no ring)
MPRegen  0.11/turn              (no ring)

@: very slow
A: no food or potions, cold resistance 1, deterioration 1, negative energy
resistance 3, powered by death 1, torment resistance, unbreathing, magic shield,
sturdy frame 1, spell healing
a: Bend Time, Renounce Religion


You were on level 4 of the Dungeon.
You worshipped Cheibriados.
Cheibriados was aware of your devotion.
You were not hungry.

You visited 1 branch of the dungeon, and saw 4 of its levels.

You collected 1713 gold pieces.

Inventory:

Hand Weapons
 a - a +0 war axe (weapon)
 b - a +0 blowgun
Missiles
 f - 4 curare-tipped needles
 j - 168 poisoned needles
Armour
 c - a +1 robe (worn)
 d - a +1 hat (worn)
 e - a +1 pair of boots (worn)
 h - a +0 large shield (worn)
Jewellery
 l - an amulet of the acrobat (around neck)
Scrolls
 g - a scroll of magic mapping
 i - 2 scrolls of identify
 k - 2 scrolls of teleportation {unknown}
 m - a scroll of enchant armour {unknown}
 n - 3 scrolls of remove curse {unknown}


   Skills:
 * Level 4.9 Fighting
 + Level 0.4(1.1) Axes
   Level 1.5(1.6) Maces & Flails
 * Level 3.5 Dodging
 + Level 4.2 Stealth
 * Level 0.1 Shields
 * Level 2.5 Spellcasting


You had 10 spell levels left.
You didn't know any spells.
Your spell library was empty.

Dungeon Overview and Level Annotations

Branches:
Dungeon (4/12)
 Temple: D:4-7

Altars:
Cheibriados
Trog

Annotations:
D:3 Grinder


Innate Abilities, Weirdness & Mutations

You do not eat or drink.
You are immune to poison.
Your flesh is cold resistant. (rC+)
Your body sometimes deteriorates upon taking damage.
You are immune to negative energy. (rN+++)
You regenerate a little health from kills.
You are immune to unholy pain and torment.
You can survive without breathing.
When hurt, damage is shared between your health and your magic reserves.
Your movements are slightly less encumbered by armour. (ER -2)
Casting spells heals you.


Message History

You shoot a curare-tipped needle. The curare-tipped needle hits the ogre.
The ogre is poisoned.
The ogre convulses.
The ogre seems to slow down.
The ogre is lightly wounded.
No path to travel!
The ogre is no longer moving slowly.
The adder skeleton bites you but does no damage.
You block the adder skeleton's attack.
a - a +0 war axe (weapon)
You block the adder skeleton's attack.
Unknown command.
You hit the adder skeleton.
The adder skeleton is moderately damaged.
The ogre looks more healthy.
Your shield prevents you from hitting the ogre.
The ogre is severely wounded.
The ogre hits you with a cursed +0 giant spiked club!!
* * * LOW HITPOINT WARNING * * *
The ogre hits you with a cursed +0 giant spiked club!!
Ouch! That really hurt!
You die...

##### ##################..!#
##.##.........ZO@.....###
...........###.##.......######
....###..#...................
...###...#......#.......##..
..## #.#......#.###...####..
... ..# #.#......#.# #...##..
..# %.## #.##....##.. ##.###.#
..#
...###.##....##..##...##.####
#.#
....##..##..##...#.###....[.#
#.#


You could see an ogre and an adder skeleton.

Vanquished Creatures
  An ogre (D:3)
  A centaur skeleton (D:4)
  Jessica (D:3)
  An iguana (D:3)
  3 adders
  5 worms
  2 dart slugs (D:1)
  5 leopard geckos
  2 orcs
  5 giant cockroaches
  8 hobgoblins
  4 quokkas
  6 bats
  6 frilled lizards
  4 goblins
  12 kobolds
  6 rats
72 creatures vanquished.

Notes
Turn   | Place    | Note
-------+----------+-------------------------------------------
     0 | D:1      | Morbidden the Skeleton Archaeologist began the quest for
                  | the Orb.
     0 | D:1      | Reached XP level 1. HP: 12/12 MP: 1/1
   181 | D:1      | Reached XP level 2. HP: 16/16 MP: 2/2
   757 | D:1      | Reached skill level 1 in Spellcasting
  1094 | D:1      | Reached XP level 3. HP: 17/20 MP: 4/4
  1995 | D:2      | Reached XP level 4. HP: 10/27 MP: 3/6
  2249 | D:3      | Found a snail-covered altar of Cheibriados.
  2257 | D:3      | Became a worshipper of Cheibriados the Contemplative
  2275 | D:3      | Found a bloodstained altar of Trog.
  2573 | D:3      | Noticed Grinder
  2727 | D:3      | Noticed Jessica
  2733 | D:3      | Killed Jessica
  2734 | D:3      | Reached XP level 5. HP: 33/33 MP: 6/8
  2734 | D:3      | Identified a scroll of acquirement
  2734 | D:3      | Identified the +1 halberd "Jeufon" {chop, +Blink rPois
                  | Dex+3} (You acquired it on level 3 of the Dungeon)
  2734 | D:3      | Identified the +0 hat "Wulekum" {MR- Dex+5} (You acquired
                  | it on level 3 of the Dungeon)
  2734 | D:3      | Identified the ring of Musigaj {rElec MR+ Dex+3} (You
                  | acquired it on level 3 of the Dungeon)
  2825 | D:3      | Noticed an ogre
  2835 | D:3      | Killed an ogre
  2904 | D:4      | Reached * piety under Cheibriados
  2964 | D:4      | Gained mutation: You regenerate a little health from kills.
                  | [Skeleton growth]
  2964 | D:4      | Reached XP level 6. HP: 27/40 MP: 6/9
  3045 | D:4      | HP: 1/40 [ogre/cursed +0 giant spiked club (18)]
  3045 | D:4      | Demolished by an ogre

Skill      XL: |  1  2  3  4  5 |
---------------+----------------+-----
Stealth        | 4 |  4.2
Spellcasting   | 1 2 |  2.5
Fighting       | 2 3 4 |  4.9
Axes           | |  0.4
Maces & Flails | |  1.5
Dodging        | |  3.5
Shields        | |  0.1

Action                   |  1- 3 |  4- 6 || total
-------------------------+-------+-------++-------
Melee: Whip              |   180 |    17 ||   197
       War axe           |       |    22 ||    22
 Fire: Blowgun           |   107 |    68 ||   175
  Use: Scroll            |       |     2 ||     2
 Stab: Sleeping          |     6 |     3 ||     9
Armor: Robe              |    73 |    11 ||    84
Dodge: Dodged            |   140 |    39 ||   179
Block: Large shield      |       |    15 ||    15
